Reno Silver Aces vs Tucson Roadrunners
Created - Sunday, February 25, 2024 at 07:14
Goals
|
| Reno Silver Aces |
1 |
0 |
2 |
3 |
| Tucson Roadrunners |
0 |
2 |
3 |
5 |
|
Shots
|
| Reno Silver Aces |
10 |
8 |
5 |
23 |
| Tucson Roadrunners |
2 |
23 |
13 |
38 |
|
1st period
1. Reno Silver Aces , Drew O'Connor 6 (Patrick Brown 9, Nicolas Deslauriers 7) at 14:44
Penalties :
Ross Colton (TRR) for Tripping (Minor) at 14:53
2nd period
2. Tucson Roadrunners , Mark Jankowski 5 (Nicolas Petan 9, Robert Hagg 7) at 0:29
3. Tucson Roadrunners , Brock McGinn 5 (Ross Colton 13, Matt Nieto 10) at 10:54 (PP)
Penalties :
Nick Seeler (TRR) for Tripping (Minor) at 2:52, Josh Archibald (RSA) for Hooking (Minor) at 10:38
3rd period
4. Tucson Roadrunners , William Carrier 10 (Mark Jankowski 16) at 0:14 (PP)
5. Reno Silver Aces , Vinnie Hinostroza 5 (Josh Archibald 4, Trevor Lewis 8) at 0:22
6. Tucson Roadrunners , Mark Jankowski 6 (Nicolas Petan 10, Carson Soucy 7) at 2:59
7. Tucson Roadrunners , Nicolas Petan 4 (Robert Hagg 8, Mark Jankowski 17) at 11:25
8. Reno Silver Aces , Peter Abbandonato 7 (Maxime Comtois 11) at 17:45 (PP)
Penalties :
Josh Archibald (RSA) for Hooking (Minor) at 0:13, Ronan Seeley (TRR) for Hooking (Minor) at 3:38, Nick Seeler (TRR) for Hooking (Minor) at 17:40
Goalie Stats
Mackenzie Blackwood (RSA), 33 saves from 38 shots - (0.868), L, 2-5-0, 60:00 minutes
Elvis Merzlikins (TRR), 20 saves from 23 shots - (0.870), W, 10-4-1, 60:00 minutes
Players Stats for Reno Silver Aces
Player Name G A P +/- PIM S H SB GA TA FO MP PP MP PK MP
------------------------------------------------------------------------------------
Danton Heinen 0 0 0 -1 0 2 3 1 0 0 0/1 18:12 3:27 0:00
Drew O'Connor 1 0 1 1 0 3 2 0 0 0 0/0 14:03 0:00 0:17
Dylan Coghlan 0 0 0 0 0 0 0 2 0 0 0/0 15:47 0:00 0:16
Jeremie Poirier 0 0 0 1 0 0 2 1 0 0 0/0 16:52 2:35 0:00
Jon Merrill 0 0 0 -2 0 0 2 1 0 0 0/0 23:44 0:00 0:01
Josh Archibald 0 1 1 0 4 3 1 2 0 1 0/1 15:48 0:00 0:00
Lars Eller 0 0 0 -1 0 1 1 0 0 0 10/15 14:39 0:00 0:04
Maxime Comtois 0 1 1 -1 0 0 4 0 0 0 1/1 17:06 2:28 0:00
Michael Stone 0 0 0 0 0 1 1 0 0 0 0/0 19:24 3:27 0:16
Nicolas Deslauriers 0 1 1 1 0 1 1 0 0 0 0/0 13:35 0:00 0:00
Patrick Brown 0 1 1 1 0 5 3 0 1 1 4/7 13:48 0:00 0:13
Peter Abbandonato 1 0 1 -1 0 1 2 1 1 0 6/8 11:47 2:28 0:00
Robert Bortuzzo 0 0 0 -2 0 0 2 2 0 1 0/0 23:44 0:00 0:01
Trevor Lewis 0 1 1 0 0 0 4 1 2 1 9/21 19:46 3:34 0:00
Valtteri Puustinen 0 0 0 -1 0 1 0 1 1 0 0/0 13:01 3:34 0:00
Vinnie Hinostroza 1 0 1 0 0 2 0 0 1 0 1/3 19:46 3:34 0:00
William Dufour 0 0 0 -1 0 2 3 0 1 0 1/1 11:47 2:28 0:00
William Villeneuve 0 0 0 1 0 1 2 1 0 0 0/0 16:52 2:35 0:00
Players Stats for Tucson Roadrunners
Player Name G A P +/- PIM S H SB GA TA FO MP PP MP PK MP
------------------------------------------------------------------------------------
Anthony Richard 0 0 0 0 0 3 4 0 0 1 0/0 14:02 0:00 0:00
Benjamin Jones 0 0 0 0 0 2 4 1 0 1 7/12 14:12 0:00 0:00
Brock McGinn 1 0 1 -1 0 2 1 1 0 0 0/2 19:16 0:16 3:03
Carson Soucy 0 1 1 0 0 0 3 1 0 0 0/0 25:23 0:16 3:11
Corson Ceulemans 0 0 0 -1 0 0 0 0 0 1 0/0 15:32 0:00 1:40
Fabian Lysell 0 0 0 0 0 3 0 0 0 0 0/0 8:37 0:00 0:00
Marian Studenic 0 0 0 0 0 3 0 0 0 0 0/0 8:37 0:00 0:00
Mark Jankowski 2 2 4 2 0 4 0 0 0 0 9/11 14:56 0:01 0:00
Matt Nieto 0 1 1 -1 0 2 2 0 0 0 0/1 19:14 0:16 2:59
Nick Seeler 0 0 0 2 4 7 0 1 0 0 0/0 19:29 0:01 1:53
Nicolas Petan 1 2 3 2 0 2 3 0 0 0 0/2 15:41 0:01 0:27
Robert Hagg 0 2 2 0 0 0 3 3 0 1 0/0 25:23 0:16 3:11
Ronan Seeley 0 0 0 2 2 4 0 1 0 0 0/0 19:46 0:01 2:09
Ross Colton 0 1 1 -1 2 2 1 1 2 0 7/20 18:13 0:16 1:51
Samuel Knazko 0 0 0 -1 0 0 0 0 0 1 0/0 14:02 0:00 0:00
Scott Reedy 0 0 0 0 0 2 2 0 0 0 2/3 8:37 0:00 0:00
Walker Duehr 0 0 0 0 0 1 0 0 0 0 0/2 14:43 0:00 0:41
William Carrier 1 0 1 2 0 1 2 0 2 2 1/5 18:11 0:01 3:03
3 Stars
1 - Mark Jankowski (TRR)
2 - Nicolas Petan (TRR)
3 - William Carrier (TRR)
Power Play
Reno Silver Aces - 1 on 4 Attempt(s) - 25.00%
Tucson Roadrunners - 2 on 2 Attempt(s) - 100.00%
Penalty Kill
Reno Silver Aces - 0 on 2 Attempt(s) - 0.00%
- Score 0 goal in Penalty Kill
Tucson Roadrunners - 3 on 4 Attempt(s) - 75.00%
- Score 0 goal in Penalty Kill
Team Stat
Reno Silver Aces - Hits : 33 - Faceoff Wins : 32 - Blocked Shots : 13 - Penalty Minutes : 4
Tucson Roadrunners - Hits : 25 - Faceoff Wins : 26 - Blocked Shots : 9 - Penalty Minutes : 8
Official
Referees : Ian Walsh and Marc Joannette
Linesman : Pierre Racicot and Brandon Gawryletz
Game Notes
No Game Note
Reno Silver Aces
5 vs 5 Forward
Center Left Wing Right Wing Time % Phy DF OF
1 Lars Eller Maxime Comtois Danton Heinen 30 1 2 2
2 Trevor Lewis Vinnie Hinostroza Josh Archibald 30 1 2 2
3 Patrick Brown Drew O'Connor Nicolas Deslauriers 25 1 2 2
4 Peter Abbandonato Valtteri Puustinen William Dufour 15 1 2 2
5 vs 5 Defense
Defense Defense Time % Phy DF OF
1 Robert Bortuzzo Jon Merrill 30 1 2 2
2 Michael Stone Dylan Coghlan 30 1 2 2
3 Jeremie Poirier William Villeneuve 25 1 2 2
4 Robert Bortuzzo Jon Merrill 15 1 2 2
PowerPlay Forward
Center Left Wing Right Wing Time % Phy DF OF
1 Trevor Lewis Valtteri Puustinen Vinnie Hinostroza 50 1 2 2
2 Peter Abbandonato Maxime Comtois William Dufour 50 1 2 2
PowerPlay Defense
Defense Defense Time % Phy DF OF
1 Danton Heinen Michael Stone 50 1 2 2
2 William Villeneuve Jeremie Poirier 50 1 2 2
Penalty Kill 4 Players Forward
Center Wing Time % Phy DF OF
1 Lars Eller Josh Archibald 50 1 2 2
2 Patrick Brown Drew O'Connor 50 1 2 2
Penalty Kill 4 Players Defense
Defense Defense Time % Phy DF OF
1 Robert Bortuzzo Jon Merrill 50 1 2 2
2 Michael Stone Dylan Coghlan 50 1 2 2
Penalty Kill - 3 Players Forward
Forward Time % Phy DF OF
1 Lars Eller 50 1 2 2
2 Patrick Brown 50 1 2 2
Penalty Kill - 3 Players Defense
Defense Defense Time % Phy DF OF
1 Robert Bortuzzo Jon Merrill 50 1 2 2
2 Michael Stone Dylan Coghlan 50 1 2 2
4 vs 4 Forward
Center Wing Time % Phy DF OF
1 Lars Eller Josh Archibald 50 1 2 2
2 Peter Abbandonato Nicolas Deslauriers 50 1 2 2
4 vs 4 Defense
Defense Defense Time % Phy DF OF
1 Robert Bortuzzo Jon Merrill 50 1 2 2
2 William Villeneuve Jeremie Poirier 50 1 2 2
Last Minutes Offensive
Center Left Wing Right Wing Defense Defense
Lars Eller Danton Heinen Trevor Lewis Robert Bortuzzo Jon Merrill
Last Minutes Defensive
Center Left Wing Right Wing Defense Defense
Lars Eller Josh Archibald Patrick Brown Robert Bortuzzo Jon Merrill
Goaltenders
Starting : Mackenzie Blackwood
Backup : Philipp Grubauer
Extra Forwards
Normal : Valtteri Puustinen, Vinnie Hinostroza, Drew O'Connor - PP : Valtteri Puustinen, Vinnie Hinostroza - PK : Drew O'Connor
Extra Defensemen
Normal : Dylan Coghlan, William Villeneuve, Michael Stone - PP : Dylan Coghlan - PK : William Villeneuve, Michael Stone
Penalty Shots
Lars Eller, Trevor Lewis, Maxime Comtois, Nicolas Deslauriers, Josh Archibald
Tucson Roadrunners
5 vs 5 Forward
Center Left Wing Right Wing Time % Phy DF OF
1 Ross Colton Matt Nieto Brock McGinn 30 1 2 2
2 Mark Jankowski William Carrier Nicolas Petan 30 1 2 2
3 Benjamin Jones Anthony Richard Walker Duehr 25 1 2 2
4 Scott Reedy Marian Studenic Fabian Lysell 15 1 2 2
5 vs 5 Defense
Defense Defense Time % Phy DF OF
1 Carson Soucy Robert Hagg 30 1 2 2
2 Nick Seeler Ronan Seeley 30 1 2 2
3 Samuel Knazko Corson Ceulemans 25 1 2 2
4 Carson Soucy Robert Hagg 15 1 2 2
PowerPlay Forward
Center Left Wing Right Wing Time % Phy DF OF
1 Ross Colton Matt Nieto Brock McGinn 50 1 2 2
2 Mark Jankowski William Carrier Nicolas Petan 50 1 2 2
PowerPlay Defense
Defense Defense Time % Phy DF OF
1 Carson Soucy Robert Hagg 50 1 2 2
2 Nick Seeler Ronan Seeley 50 1 2 2
Penalty Kill 4 Players Forward
Center Wing Time % Phy DF OF
1 Ross Colton Matt Nieto 50 1 2 2
2 William Carrier Brock McGinn 50 1 2 2
Penalty Kill 4 Players Defense
Defense Defense Time % Phy DF OF
1 Carson Soucy Robert Hagg 50 1 2 2
2 Nick Seeler Ronan Seeley 50 1 2 2
Penalty Kill - 3 Players Forward
Forward Time % Phy DF OF
1 Ross Colton 50 1 2 2
2 Matt Nieto 50 1 2 2
Penalty Kill - 3 Players Defense
Defense Defense Time % Phy DF OF
1 Carson Soucy Robert Hagg 50 1 2 2
2 Nick Seeler Ronan Seeley 50 1 2 2
4 vs 4 Forward
Center Wing Time % Phy DF OF
1 Ross Colton Matt Nieto 50 1 2 2
2 William Carrier Brock McGinn 50 1 2 2
4 vs 4 Defense
Defense Defense Time % Phy DF OF
1 Carson Soucy Robert Hagg 50 1 2 2
2 Nick Seeler Ronan Seeley 50 1 2 2
Last Minutes Offensive
Center Left Wing Right Wing Defense Defense
Ross Colton Matt Nieto Brock McGinn Carson Soucy Robert Hagg
Last Minutes Defensive
Center Left Wing Right Wing Defense Defense
Ross Colton Matt Nieto Brock McGinn Carson Soucy Robert Hagg
Goaltenders
Starting : Elvis Merzlikins
Backup : Jaroslav Halak
Extra Forwards
Normal : Benjamin Jones, Anthony Richard, Walker Duehr - PP : Benjamin Jones, Anthony Richard - PK : Walker Duehr
Extra Defensemen
Normal : Samuel Knazko, Corson Ceulemans, Nick Seeler - PP : Samuel Knazko - PK : Corson Ceulemans, Nick Seeler
Penalty Shots
Ross Colton, Matt Nieto, William Carrier, Brock McGinn, Mark Jankowski
% Time on Ice - Reno Silver Aces
Lines # - Real PCT - Wanted PCT - Time Play
Normal Forward
1 - 28% - 30% - 14:57
2 - 30% - 30% - 15:53
3 - 25% - 25% - 13:35
4 - 17% - 15% - 9:16
Normal Defense
1 - 31% - 30% - 16:38
2 - 30% - 30% - 16:19
3 - 25% - 25% - 13:29
4 - 14% - 15% - 7:15
PP Forward
1 - 59% - 50% - 3:34
2 - 41% - 50% - 2:28
PP Defense
1 - 57% - 50% - 3:27
2 - 43% - 50% - 2:35
PK Forward
1 - 24% - 50% - 0:04
2 - 76% - 50% - 0:13
PK Defense
1 - 6% - 50% - 0:01
2 - 94% - 50% - 0:16
PK3 Forward
1 - 0% - 50%
2 - 0% - 50%
PK3 Defense
1 - 0% - 50%
2 - 0% - 50%
44 Forward
1 - 0% - 50%
2 - 0% - 50%
44 Defense
1 - 0% - 50%
2 - 0% - 50%
Last Minute Offensive - 0:00
Last Minute Defensive - 0:00
Total
Forward - 60:00
Defense - 60:00
|
% Time on Ice - Tucson Roadrunners
Lines # - Real PCT - Wanted PCT - Time Play
Normal Forward
1 - 30% - 30% - 15:55
2 - 28% - 30% - 15:07
3 - 26% - 25% - 14:02
4 - 16% - 15% - 8:37
Normal Defense
1 - 29% - 30% - 15:27
2 - 33% - 30% - 17:27
3 - 26% - 25% - 14:02
4 - 13% - 15% - 6:45
PP Forward
1 - 94% - 50% - 0:16
2 - 6% - 50% - 0:01
PP Defense
1 - 94% - 50% - 0:16
2 - 6% - 50% - 0:01
PK Forward
1 - 49% - 50% - 2:59
2 - 51% - 50% - 3:03
PK Defense
1 - 53% - 50% - 3:11
2 - 47% - 50% - 2:51
PK3 Forward
1 - 0% - 50%
2 - 0% - 50%
PK3 Defense
1 - 0% - 50%
2 - 0% - 50%
44 Forward
1 - 0% - 50%
2 - 0% - 50%
44 Defense
1 - 0% - 50%
2 - 0% - 50%
Last Minute Offensive - 0:00
Last Minute Defensive - 0:00
Total
Forward - 60:00
Defense - 60:00
|
Play-by-Play
1st period
0:01 of 1st period - Lars Eller wins face-off versus Matt Nieto in neutral zone.
0:48 of 1st period - Wrist shot by Drew O'Connor.
0:48 of 1st period - Stopped by Elvis Merzlikins with a rebound.
0:50 of 1st period - Wrist shot by Nicolas Deslauriers.
0:50 of 1st period - Shot Misses the Net.
1:12 of 1st period - Marian Studenic is hit by William Villeneuve and loses puck.
1:27 of 1st period - Slapshot by Ross Colton.
1:27 of 1st period - Shot Blocked by Robert Bortuzzo.
2:08 of 1st period - Wrist shot by Patrick Brown.
2:08 of 1st period - Stopped by Elvis Merzlikins with a rebound.
2:10 of 1st period - Wrist shot by Drew O'Connor.
2:10 of 1st period - Deflect By Nicolas Deslauriers.
2:10 of 1st period - Shot Blocked by Benjamin Jones.
2:10 of 1st period - Puck is out of play.
2:11 of 1st period - Patrick Brown wins face-off versus Benjamin Jones in Tucson Roadrunners zone.
2:18 of 1st period - Wrist shot by Drew O'Connor.
2:18 of 1st period - Shot Blocked by Nick Seeler.
2:20 of 1st period - Slapshot by Nicolas Deslauriers.
2:20 of 1st period - Deflect By Patrick Brown.
2:20 of 1st period - Stopped by Elvis Merzlikins without a rebound.
2:21 of 1st period - Peter Abbandonato wins face-off versus Mark Jankowski in Tucson Roadrunners zone.
2:22 of 1st period - Backhand shot by Valtteri Puustinen.
2:22 of 1st period - Stopped by Elvis Merzlikins without a rebound.
2:23 of 1st period - Mark Jankowski wins face-off versus Peter Abbandonato in Tucson Roadrunners zone.
2:49 of 1st period - Ronan Seeley is hit by William Dufour and loses puck.
3:44 of 1st period - Wrist shot by Valtteri Puustinen.
3:44 of 1st period - Shot Misses the Net.
4:30 of 1st period - Wrist shot by Valtteri Puustinen.
4:30 of 1st period - Deflect By William Dufour.
4:30 of 1st period - Shot Misses the Net.
4:30 of 1st period - Puck is out of play.
4:31 of 1st period - Lars Eller wins face-off versus Ross Colton in Tucson Roadrunners zone.
6:28 of 1st period - Drew O'Connor is hit by Robert Hagg and loses puck.
7:29 of 1st period - Brock McGinn is hit by Patrick Brown and loses puck.
10:48 of 1st period - Maxime Comtois is hit by Benjamin Jones and loses puck.
11:52 of 1st period - Mark Jankowski is hit by Lars Eller and loses puck.
12:07 of 1st period - Drew O'Connor is hit by Ross Colton and loses puck.
12:18 of 1st period - Marian Studenic is hit by Josh Archibald and loses puck.
12:41 of 1st period - Carson Soucy is hit by Maxime Comtois and loses puck.
13:06 of 1st period - Icing by Patrick Brown.
13:07 of 1st period - Benjamin Jones wins face-off versus Peter Abbandonato in Reno Silver Aces zone.
13:30 of 1st period - Wrist shot by Michael Stone.
13:30 of 1st period - Deflect By Ross Colton.
13:30 of 1st period - Stopped by Elvis Merzlikins without a rebound.
13:31 of 1st period - Ross Colton wins face-off versus Trevor Lewis in Tucson Roadrunners zone.
13:38 of 1st period - Wrist shot by Matt Nieto.
13:38 of 1st period - Shot Misses the Net.
13:45 of 1st period - Slapshot by Vinnie Hinostroza.
13:45 of 1st period - Deflect By Josh Archibald.
13:45 of 1st period - Stopped by Elvis Merzlikins without a rebound.
13:46 of 1st period - Lars Eller wins face-off versus Benjamin Jones in Tucson Roadrunners zone.
14:00 of 1st period - Snap shot by Benjamin Jones.
14:00 of 1st period - Shot Misses the Net.
14:35 of 1st period - Corson Ceulemans is hit by Patrick Brown and loses puck.
14:44 of 1st period - Wrist shot by Drew O'Connor.
14:44 of 1st period - Goal by Drew O'Connor - Reno Silver Aces : 1 - Tucson Roadrunners : 0.
14:45 of 1st period - Lars Eller wins face-off versus Ross Colton in neutral zone.
14:48 of 1st period - Slapshot by Danton Heinen.
14:48 of 1st period - Deflect By Maxime Comtois.
14:48 of 1st period - Shot Misses the Net.
14:48 of 1st period - Puck is out of play.
14:49 of 1st period - Lars Eller wins face-off versus Ross Colton in Tucson Roadrunners zone.
14:53 of 1st period - Minor Penalty to Ross Colton for Tripping.
14:54 of 1st period - Trevor Lewis wins face-off versus Walker Duehr in Tucson Roadrunners zone.
15:08 of 1st period - Snap shot by Matt Nieto.
15:08 of 1st period - Shot Misses the Net.
15:20 of 1st period - Carson Soucy is hit by Maxime Comtois and loses puck.
16:11 of 1st period - Off-side.
16:12 of 1st period - William Dufour wins face-off versus Nicolas Petan in neutral zone.
16:17 of 1st period - Nicolas Petan is hit by William Dufour and loses puck.
16:53 of 1st period - Penalty to Ross Colton is over, Ross Colton is back on ice.
17:00 of 1st period - Snap shot by Ross Colton.
17:00 of 1st period - Stopped by Mackenzie Blackwood with a rebound.
17:02 of 1st period - Snap shot by Carson Soucy.
17:02 of 1st period - Shot Misses the Net.
17:04 of 1st period - Wrist shot by Ross Colton.
17:04 of 1st period - Deflect By Trevor Lewis.
17:04 of 1st period - Shot Misses the Net.
17:04 of 1st period - Puck is out of play.
17:05 of 1st period - Benjamin Jones wins face-off versus Patrick Brown in Reno Silver Aces zone.
17:30 of 1st period - Jon Merrill is hit by Carson Soucy and loses puck.
17:35 of 1st period - Slapshot by Fabian Lysell.
17:35 of 1st period - Shot Misses the Net.
17:37 of 1st period - Wrist shot by Scott Reedy.
17:37 of 1st period - Stopped by Mackenzie Blackwood with a rebound.
17:39 of 1st period - Snap shot by Fabian Lysell.
17:39 of 1st period - Shot Blocked by Danton Heinen.
18:12 of 1st period - Wrist shot by Vinnie Hinostroza.
18:12 of 1st period - Stopped by Elvis Merzlikins with a rebound.
18:32 of 1st period - Snap shot by Patrick Brown.
18:32 of 1st period - Stopped by Elvis Merzlikins with a rebound.
18:34 of 1st period - Wrist shot by William Villeneuve.
18:34 of 1st period - Stopped by Elvis Merzlikins without a rebound.
18:35 of 1st period - Mark Jankowski wins face-off versus Danton Heinen in Tucson Roadrunners zone.
19:26 of 1st period - Nicolas Deslauriers is hit by Anthony Richard and loses puck.
19:33 of 1st period - Wrist shot by Benjamin Jones.
19:33 of 1st period - Shot Blocked by Robert Bortuzzo.
19:43 of 1st period - Scott Reedy is hit by Robert Bortuzzo and loses puck.
Goals for this period are 1 for Reno Silver Aces vs 0 for Tucson Roadrunners.
Shots for this period are 10 for Reno Silver Aces vs 2 for Tucson Roadrunners.
2nd period
0:01 of 2nd period - Vinnie Hinostroza wins face-off versus Ross Colton in neutral zone.
0:08 of 2nd period - Josh Archibald is hit by Matt Nieto and loses puck.
0:27 of 2nd period - Snap shot by Nicolas Petan.
0:27 of 2nd period - Shot Misses the Net.
0:29 of 2nd period - Snap shot by Mark Jankowski.
0:29 of 2nd period - Goal by Mark Jankowski - Reno Silver Aces : 1 - Tucson Roadrunners : 1.
0:30 of 2nd period - Ross Colton wins face-off versus Lars Eller in neutral zone.
0:33 of 2nd period - Backhand shot by Matt Nieto.
0:33 of 2nd period - Stopped by Mackenzie Blackwood with a rebound.
0:55 of 2nd period - Danton Heinen is hit by Benjamin Jones and loses puck.
1:05 of 2nd period - Off-side.
1:06 of 2nd period - Trevor Lewis wins face-off versus Nicolas Petan in neutral zone.
1:39 of 2nd period - Snap shot by Matt Nieto.
1:39 of 2nd period - Shot Hit the Post.
2:52 of 2nd period - Minor Penalty to Nick Seeler for Tripping.
2:53 of 2nd period - Peter Abbandonato wins face-off versus William Carrier in Tucson Roadrunners zone.
3:25 of 2nd period - Snap shot by Brock McGinn.
3:25 of 2nd period - Stopped by Mackenzie Blackwood without a rebound.
3:26 of 2nd period - Trevor Lewis wins face-off versus William Carrier in Reno Silver Aces zone.
3:43 of 2nd period - Ronan Seeley is hit by Trevor Lewis and loses puck.
3:50 of 2nd period - Slapshot by Trevor Lewis.
3:50 of 2nd period - Shot Misses the Net.
4:08 of 2nd period - Brock McGinn is hit by Trevor Lewis and loses puck.
4:13 of 2nd period - Slapshot by Vinnie Hinostroza.
4:13 of 2nd period - Shot Blocked by Robert Hagg.
4:31 of 2nd period - Snap shot by Valtteri Puustinen.
4:31 of 2nd period - Shot Misses the Net.
4:41 of 2nd period - Ronan Seeley is hit by Trevor Lewis and loses puck.
4:52 of 2nd period - Penalty to Nick Seeler is over, Nick Seeler is back on ice.
5:01 of 2nd period - Wrist shot by Matt Nieto.
5:01 of 2nd period - Stopped by Mackenzie Blackwood without a rebound.
5:02 of 2nd period - Benjamin Jones wins face-off versus Patrick Brown in Reno Silver Aces zone.
5:18 of 2nd period - Snap shot by Drew O'Connor.
5:18 of 2nd period - Stopped by Elvis Merzlikins without a rebound.
5:19 of 2nd period - Maxime Comtois wins face-off versus Ross Colton in Tucson Roadrunners zone.
5:40 of 2nd period - Drew O'Connor is hit by Carson Soucy and loses puck.
6:17 of 2nd period - Snap shot by Marian Studenic.
6:17 of 2nd period - Shot Misses the Net.
6:19 of 2nd period - Wrist shot by Scott Reedy.
6:19 of 2nd period - Stopped by Mackenzie Blackwood with a rebound.
6:21 of 2nd period - Snap shot by Marian Studenic.
6:21 of 2nd period - Stopped by Mackenzie Blackwood without a rebound.
6:22 of 2nd period - Lars Eller wins face-off versus Scott Reedy in Reno Silver Aces zone.
6:27 of 2nd period - Wrist shot by Fabian Lysell.
6:27 of 2nd period - Stopped by Mackenzie Blackwood with a rebound.
6:43 of 2nd period - Wrist shot by Marian Studenic.
6:43 of 2nd period - Shot Misses the Net.
6:45 of 2nd period - Backhand shot by Ronan Seeley.
6:45 of 2nd period - Stopped by Mackenzie Blackwood with a rebound.
6:47 of 2nd period - Snap shot by Ronan Seeley.
6:47 of 2nd period - Shot Misses the Net.
6:49 of 2nd period - Slapshot by Ronan Seeley.
6:49 of 2nd period - Deflect By Dylan Coghlan.
6:49 of 2nd period - Stopped by Mackenzie Blackwood with a rebound.
6:57 of 2nd period - Snap shot by Fabian Lysell.
6:57 of 2nd period - Stopped by Mackenzie Blackwood with a rebound.
6:59 of 2nd period - Wrist shot by Fabian Lysell.
6:59 of 2nd period - Stopped by Mackenzie Blackwood with a rebound.
7:01 of 2nd period - Wrist shot by Marian Studenic.
7:01 of 2nd period - Stopped by Mackenzie Blackwood with a rebound.
7:03 of 2nd period - Slapshot by Nick Seeler.
7:03 of 2nd period - Stopped by Mackenzie Blackwood with a rebound.
7:05 of 2nd period - Snap shot by Scott Reedy.
7:05 of 2nd period - Deflect By Marian Studenic.
7:05 of 2nd period - Shot Misses the Net.
7:05 of 2nd period - Puck is out of play.
7:06 of 2nd period - Ross Colton wins face-off versus Trevor Lewis in Reno Silver Aces zone.
7:35 of 2nd period - Off-side.
7:36 of 2nd period - Lars Eller wins face-off versus Benjamin Jones in neutral zone.
7:41 of 2nd period - Snap shot by Danton Heinen.
7:41 of 2nd period - Shot Blocked by Ronan Seeley.
8:04 of 2nd period - Wrist shot by Benjamin Jones.
8:04 of 2nd period - Stopped by Mackenzie Blackwood with a rebound.
8:06 of 2nd period - Wrist shot by Walker Duehr.
8:06 of 2nd period - Shot Misses the Net.
8:08 of 2nd period - Slapshot by Samuel Knazko.
8:08 of 2nd period - Deflect By Anthony Richard.
8:08 of 2nd period - Stopped by Mackenzie Blackwood without a rebound.
8:09 of 2nd period - Trevor Lewis wins face-off versus Brock McGinn in Reno Silver Aces zone.
8:14 of 2nd period - Wrist shot by Ross Colton.
8:14 of 2nd period - Shot Blocked by Josh Archibald.
8:16 of 2nd period - Slapshot by Carson Soucy.
8:16 of 2nd period - Deflect By Ross Colton.
8:16 of 2nd period - Shot Misses the Net.
8:16 of 2nd period - Puck is out of play.
8:17 of 2nd period - Trevor Lewis wins face-off versus Ross Colton in Reno Silver Aces zone.
9:06 of 2nd period - Wrist shot by Anthony Richard.
9:06 of 2nd period - Stopped by Mackenzie Blackwood without a rebound.
9:07 of 2nd period - Benjamin Jones wins face-off versus Trevor Lewis in Reno Silver Aces zone.
9:08 of 2nd period - Snap shot by Walker Duehr.
9:08 of 2nd period - Deflect By Benjamin Jones.
9:08 of 2nd period - Shot Blocked by Josh Archibald.
9:08 of 2nd period - Puck is out of play.
9:09 of 2nd period - Benjamin Jones wins face-off versus Vinnie Hinostroza in Reno Silver Aces zone.
9:16 of 2nd period - Snap shot by Anthony Richard.
9:16 of 2nd period - Shot Misses the Net.
9:30 of 2nd period - Wrist shot by Walker Duehr.
9:30 of 2nd period - Stopped by Mackenzie Blackwood without a rebound.
9:31 of 2nd period - Lars Eller wins face-off versus Mark Jankowski in Reno Silver Aces zone.
9:38 of 2nd period - Mark Jankowski is hit by Jon Merrill and loses puck.
9:57 of 2nd period - Mark Jankowski is hit by Nicolas Deslauriers and loses puck.
10:20 of 2nd period - Snap shot by Carson Soucy.
10:20 of 2nd period - Shot Blocked by Dylan Coghlan.
10:22 of 2nd period - Slapshot by Nick Seeler.
10:22 of 2nd period - Deflect By Josh Archibald.
10:22 of 2nd period - Stopped by Mackenzie Blackwood with a rebound.
10:24 of 2nd period - Wrist shot by Brock McGinn.
10:24 of 2nd period - Shot Misses the Net.
10:26 of 2nd period - Slapshot by Nick Seeler.
10:26 of 2nd period - Stopped by Mackenzie Blackwood with a rebound.
10:28 of 2nd period - Snap shot by Brock McGinn.
10:28 of 2nd period - Shot Misses the Net.
10:30 of 2nd period - Slapshot by Nick Seeler.
10:30 of 2nd period - Stopped by Mackenzie Blackwood with a rebound.
10:32 of 2nd period - Snap shot by Nick Seeler.
10:32 of 2nd period - Shot Blocked by Trevor Lewis.
10:38 of 2nd period - Minor Penalty to Josh Archibald for Hooking.
10:39 of 2nd period - Lars Eller wins face-off versus Ross Colton in Reno Silver Aces zone.
10:52 of 2nd period - Slapshot by Ross Colton.
10:52 of 2nd period - Stopped by Mackenzie Blackwood with a rebound.
10:54 of 2nd period - Snap shot by Brock McGinn.
10:54 of 2nd period - Goal by Brock McGinn - Reno Silver Aces : 1 - Tucson Roadrunners : 2.
10:55 of 2nd period - Trevor Lewis wins face-off versus Ross Colton in neutral zone.
11:20 of 2nd period - Carson Soucy is hit by Drew O'Connor and loses puck.
11:25 of 2nd period - Snap shot by Patrick Brown.
11:25 of 2nd period - Shot Blocked by Robert Hagg.
11:27 of 2nd period - Snap shot by Patrick Brown.
11:27 of 2nd period - Stopped by Elvis Merzlikins with a rebound.
11:29 of 2nd period - Wrist shot by Michael Stone.
11:29 of 2nd period - Deflect By Nicolas Deslauriers.
11:29 of 2nd period - Shot Misses the Net.
11:29 of 2nd period - Puck is out of play.
11:30 of 2nd period - Mark Jankowski wins face-off versus Josh Archibald in Tucson Roadrunners zone.
11:55 of 2nd period - Lars Eller is hit by Anthony Richard and loses puck.
12:22 of 2nd period - Slapshot by William Dufour.
12:22 of 2nd period - Stopped by Elvis Merzlikins without a rebound.
12:23 of 2nd period - Peter Abbandonato wins face-off versus Ross Colton in Tucson Roadrunners zone.
12:28 of 2nd period - Snap shot by Peter Abbandonato.
12:28 of 2nd period - Deflect By William Dufour.
12:28 of 2nd period - Stopped by Elvis Merzlikins with a rebound.
12:36 of 2nd period - William Dufour is hit by Matt Nieto and loses puck.
12:49 of 2nd period - Jon Merrill is hit by Scott Reedy and loses puck.
12:54 of 2nd period - Wrist shot by Marian Studenic.
12:54 of 2nd period - Stopped by Mackenzie Blackwood with a rebound.
13:14 of 2nd period - Robert Bortuzzo is hit by Nicolas Petan and loses puck.
13:37 of 2nd period - Snap shot by Lars Eller.
13:37 of 2nd period - Shot Misses the Net.
13:54 of 2nd period - Snap shot by Matt Nieto.
13:54 of 2nd period - Shot Misses the Net.
14:20 of 2nd period - Trevor Lewis is hit by Scott Reedy and loses puck.
14:35 of 2nd period - Vinnie Hinostroza is hit by Robert Hagg and loses puck.
15:15 of 2nd period - Dylan Coghlan is hit by Anthony Richard and loses puck.
15:51 of 2nd period - Scott Reedy is hit by Danton Heinen and loses puck.
16:00 of 2nd period - Scott Reedy is hit by Maxime Comtois and loses puck.
16:23 of 2nd period - Wrist shot by Danton Heinen.
16:23 of 2nd period - Stopped by Elvis Merzlikins with a rebound.
16:25 of 2nd period - Slapshot by Lars Eller.
16:25 of 2nd period - Stopped by Elvis Merzlikins without a rebound.
16:26 of 2nd period - Mark Jankowski wins face-off versus Trevor Lewis in Tucson Roadrunners zone.
17:19 of 2nd period - Off-side.
17:20 of 2nd period - Patrick Brown wins face-off versus Ross Colton in neutral zone.
17:27 of 2nd period - Robert Hagg is hit by Drew O'Connor and loses puck.
17:58 of 2nd period - Slapshot by Patrick Brown.
17:58 of 2nd period - Deflect By Ross Colton.
17:58 of 2nd period - Shot Blocked by Brock McGinn.
17:58 of 2nd period - Puck is out of play.
17:59 of 2nd period - Benjamin Jones wins face-off versus Trevor Lewis in Tucson Roadrunners zone.
17:59 of 2nd period - Benjamin Jones is hit by Trevor Lewis.
18:11 of 2nd period - Slapshot by Josh Archibald.
18:11 of 2nd period - Stopped by Elvis Merzlikins with a rebound.
18:25 of 2nd period - William Dufour is hit by William Carrier and loses puck.
18:32 of 2nd period - Valtteri Puustinen is hit by Nicolas Petan and loses puck.
19:17 of 2nd period - Snap shot by Trevor Lewis.
19:17 of 2nd period - Shot Misses the Net.
19:19 of 2nd period - Wrist shot by Trevor Lewis.
19:19 of 2nd period - Shot Misses the Net.
19:21 of 2nd period - Slapshot by Jon Merrill.
19:21 of 2nd period - Deflect By Josh Archibald.
19:21 of 2nd period - Stopped by Elvis Merzlikins with a rebound.
19:31 of 2nd period - Slapshot by Ross Colton.
19:31 of 2nd period - Shot Blocked by Peter Abbandonato.
19:39 of 2nd period - Benjamin Jones is hit by William Dufour and loses puck.
Goals for this period are 0 for Reno Silver Aces vs 2 for Tucson Roadrunners.
Shots for this period are 8 for Reno Silver Aces vs 23 for Tucson Roadrunners.
3rd period
0:01 of 3rd period - Mark Jankowski wins face-off versus Vinnie Hinostroza in neutral zone.
0:13 of 3rd period - Minor Penalty to Josh Archibald for Hooking.
0:14 of 3rd period - Mark Jankowski wins face-off versus Lars Eller in Reno Silver Aces zone.
0:14 of 3rd period - Snap shot by William Carrier.
0:14 of 3rd period - Goal by William Carrier - Reno Silver Aces : 1 - Tucson Roadrunners : 3.
0:15 of 3rd period - Trevor Lewis wins face-off versus Ross Colton in neutral zone.
0:20 of 3rd period - Wrist shot by Vinnie Hinostroza.
0:20 of 3rd period - Shot Blocked by Carson Soucy.
0:22 of 3rd period - Snap shot by Vinnie Hinostroza.
0:22 of 3rd period - Goal by Vinnie Hinostroza - Reno Silver Aces : 2 - Tucson Roadrunners : 3.
0:23 of 3rd period - Trevor Lewis wins face-off versus Ross Colton in neutral zone.
0:26 of 3rd period - Robert Hagg is hit by Jon Merrill.
0:50 of 3rd period - Mark Jankowski is hit by Danton Heinen and loses puck.
1:22 of 3rd period - Snap shot by Benjamin Jones.
1:22 of 3rd period - Deflect By Anthony Richard.
1:22 of 3rd period - Stopped by Mackenzie Blackwood without a rebound.
1:23 of 3rd period - Ross Colton wins face-off versus Trevor Lewis in Reno Silver Aces zone.
2:05 of 3rd period - Snap shot by Walker Duehr.
2:05 of 3rd period - Shot Misses the Net.
2:07 of 3rd period - Snap shot by Benjamin Jones.
2:07 of 3rd period - Shot Misses the Net.
2:09 of 3rd period - Snap shot by Walker Duehr.
2:09 of 3rd period - Shot Misses the Net.
2:11 of 3rd period - Snap shot by Benjamin Jones.
2:11 of 3rd period - Stopped by Mackenzie Blackwood with a rebound.
2:13 of 3rd period - Slapshot by Ronan Seeley.
2:13 of 3rd period - Stopped by Mackenzie Blackwood with a rebound.
2:15 of 3rd period - Slapshot by Anthony Richard.
2:15 of 3rd period - Shot Misses the Net.
2:27 of 3rd period - Snap shot by Ross Colton.
2:27 of 3rd period - Shot Blocked by Dylan Coghlan.
2:29 of 3rd period - Slapshot by Ronan Seeley.
2:29 of 3rd period - Stopped by Mackenzie Blackwood without a rebound.
2:30 of 3rd period - Peter Abbandonato wins face-off versus Ross Colton in Reno Silver Aces zone.
2:59 of 3rd period - Snap shot by Mark Jankowski.
2:59 of 3rd period - Goal by Mark Jankowski - Reno Silver Aces : 2 - Tucson Roadrunners : 4.
3:00 of 3rd period - Mark Jankowski wins face-off versus Trevor Lewis in neutral zone.
3:05 of 3rd period - Josh Archibald is hit by Nicolas Petan and loses puck.
3:38 of 3rd period - Minor Penalty to Ronan Seeley for Hooking.
3:39 of 3rd period - Peter Abbandonato wins face-off versus William Carrier in Tucson Roadrunners zone.
3:50 of 3rd period - Maxime Comtois is hit by Carson Soucy and loses puck.
4:05 of 3rd period - Trevor Lewis is hit by Robert Hagg and loses puck.
4:26 of 3rd period - Slapshot by Nick Seeler.
4:26 of 3rd period - Stopped by Mackenzie Blackwood with a rebound.
4:28 of 3rd period - Snap shot by Nick Seeler.
4:28 of 3rd period - Stopped by Mackenzie Blackwood with a rebound.
4:35 of 3rd period - Icing by William Villeneuve.
4:36 of 3rd period - William Carrier wins face-off versus Trevor Lewis in Reno Silver Aces zone.
4:43 of 3rd period - William Carrier is hit by Jeremie Poirier and loses puck.
5:38 of 3rd period - Penalty to Ronan Seeley is over, Ronan Seeley is back on ice.
6:09 of 3rd period - Scott Reedy is hit by William Villeneuve and loses puck.
6:26 of 3rd period - Wrist shot by Nicolas Petan.
6:26 of 3rd period - Shot Blocked by Jon Merrill.
6:40 of 3rd period - Matt Nieto is hit by Peter Abbandonato and loses puck.
7:01 of 3rd period - Icing by Dylan Coghlan.
7:02 of 3rd period - Benjamin Jones wins face-off versus Lars Eller in Reno Silver Aces zone.
7:13 of 3rd period - Anthony Richard is hit by Michael Stone and loses puck.
7:26 of 3rd period - Wrist shot by Lars Eller.
7:26 of 3rd period - Deflect By Danton Heinen.
7:26 of 3rd period - Stopped by Elvis Merzlikins without a rebound.
7:27 of 3rd period - Ross Colton wins face-off versus Trevor Lewis in Tucson Roadrunners zone.
9:03 of 3rd period - Snap shot by Ross Colton.
9:03 of 3rd period - Shot Misses the Net.
9:23 of 3rd period - Wrist shot by Mark Jankowski.
9:23 of 3rd period - Stopped by Mackenzie Blackwood without a rebound.
9:24 of 3rd period - Trevor Lewis wins face-off versus Benjamin Jones in Reno Silver Aces zone.
10:18 of 3rd period - Off-side.
10:19 of 3rd period - Ross Colton wins face-off versus Trevor Lewis in neutral zone.
11:17 of 3rd period - Snap shot by Nicolas Petan.
11:17 of 3rd period - Shot Blocked by Valtteri Puustinen.
11:19 of 3rd period - Slapshot by Carson Soucy.
11:19 of 3rd period - Deflect By Nicolas Petan.
11:19 of 3rd period - Stopped by Mackenzie Blackwood with a rebound.
11:21 of 3rd period - Snap shot by Mark Jankowski.
11:21 of 3rd period - Stopped by Mackenzie Blackwood with a rebound.
11:23 of 3rd period - Snap shot by Mark Jankowski.
11:23 of 3rd period - Shot Misses the Net.
11:25 of 3rd period - Wrist shot by Robert Hagg.
11:25 of 3rd period - Deflect By Nicolas Petan.
11:25 of 3rd period - Goal by Nicolas Petan - Reno Silver Aces : 2 - Tucson Roadrunners : 5.
11:26 of 3rd period - Ross Colton wins face-off versus Trevor Lewis in neutral zone.
11:52 of 3rd period - Samuel Knazko is hit by Maxime Comtois and loses puck.
11:59 of 3rd period - Lars Eller is hit by Anthony Richard and loses puck.
13:00 of 3rd period - Samuel Knazko is hit by Jeremie Poirier and loses puck.
13:11 of 3rd period - Snap shot by Ross Colton.
13:11 of 3rd period - Deflect By Matt Nieto.
13:11 of 3rd period - Shot Blocked by William Villeneuve.
13:11 of 3rd period - Puck is out of play.
13:12 of 3rd period - Lars Eller wins face-off versus Benjamin Jones in Reno Silver Aces zone.
13:17 of 3rd period - Robert Hagg is hit by Danton Heinen and loses puck.
13:38 of 3rd period - Carson Soucy is hit by Robert Bortuzzo and loses puck.
13:45 of 3rd period - Snap shot by Patrick Brown.
13:45 of 3rd period - Stopped by Elvis Merzlikins with a rebound.
13:47 of 3rd period - Backhand shot by Drew O'Connor.
13:47 of 3rd period - Shot Misses the Net.
13:49 of 3rd period - Snap shot by Nicolas Deslauriers.
13:49 of 3rd period - Deflect By Ross Colton.
13:49 of 3rd period - Shot Blocked by Robert Hagg.
13:49 of 3rd period - Puck is out of play.
13:50 of 3rd period - Mark Jankowski wins face-off versus Trevor Lewis in Tucson Roadrunners zone.
14:17 of 3rd period - Wrist shot by Drew O'Connor.
14:17 of 3rd period - Shot Misses the Net.
14:19 of 3rd period - Snap shot by Nicolas Deslauriers.
14:19 of 3rd period - Shot Misses the Net.
14:21 of 3rd period - Snap shot by Nicolas Deslauriers.
14:21 of 3rd period - Shot Misses the Net.
14:55 of 3rd period - Robert Hagg is hit by Peter Abbandonato and loses puck.
15:21 of 3rd period - Josh Archibald is hit by William Carrier and loses puck.
16:08 of 3rd period - Icing by Drew O'Connor.
16:09 of 3rd period - Patrick Brown wins face-off versus Brock McGinn in Reno Silver Aces zone.
16:09 of 3rd period - Patrick Brown is hit by Brock McGinn.
16:37 of 3rd period - Snap shot by Nicolas Deslauriers.
16:37 of 3rd period - Shot Blocked by Ross Colton.
16:39 of 3rd period - Slapshot by Nicolas Deslauriers.
16:39 of 3rd period - Stopped by Elvis Merzlikins without a rebound.
16:40 of 3rd period - Mark Jankowski wins face-off versus Lars Eller in Tucson Roadrunners zone.
17:12 of 3rd period - Josh Archibald is hit by Benjamin Jones and loses puck.
17:40 of 3rd period - Minor Penalty to Nick Seeler for Hooking.
17:41 of 3rd period - Peter Abbandonato wins face-off versus William Carrier in Tucson Roadrunners zone.
17:41 of 3rd period - Snap shot by Maxime Comtois.
17:41 of 3rd period - Shot Misses the Net.
17:43 of 3rd period - Wrist shot by Maxime Comtois.
17:43 of 3rd period - Shot Misses the Net.
17:45 of 3rd period - Slapshot by Peter Abbandonato.
17:45 of 3rd period - Goal by Peter Abbandonato - Reno Silver Aces : 3 - Tucson Roadrunners : 5.
17:46 of 3rd period - Patrick Brown wins face-off versus Walker Duehr in neutral zone.
17:49 of 3rd period - Anthony Richard is hit by Patrick Brown.
18:10 of 3rd period - Icing by Carson Soucy.
18:11 of 3rd period - Scott Reedy wins face-off versus Lars Eller in Tucson Roadrunners zone.
19:03 of 3rd period - Jon Merrill is hit by Benjamin Jones.
19:22 of 3rd period - Snap shot by Nick Seeler.
19:22 of 3rd period - Shot Blocked by Jeremie Poirier.
19:24 of 3rd period - Wrist shot by Nick Seeler.
19:24 of 3rd period - Shot Misses the Net.
19:26 of 3rd period - Slapshot by Nick Seeler.
19:26 of 3rd period - Stopped by Mackenzie Blackwood without a rebound.
19:27 of 3rd period - Scott Reedy wins face-off versus Patrick Brown in Reno Silver Aces zone.
Goals for this period are 2 for Reno Silver Aces vs 3 for Tucson Roadrunners.
Shots for this period are 5 for Reno Silver Aces vs 13 for Tucson Roadrunners.
Back to the Top